 Dungeon Sprint DCSS version 0.16-a0-3841-g2612308 (console) character file.

223 Monkaria the Cleaver (level 6, 0/64 HPs)
             Began as a Hill Orc Fighter on Jan 30, 2015.
             Was a Believer of Makhleb.
             Slain by a merfolk
             ... wielding a +0 trident
              (5 damage)
             ... in the Dungeon (Sprint V: "Ziggurat Sprint").
             The game lasted 00:01:44 (216 turns).

Monkaria the Cleaver (Hill Orc Fighter)              Turns: 216, Time: 00:01:45

Health: 0/64       AC: 18    Str: 36    XL:     6   Next: 0%
Magic:  6/6        EV:  6    Int:  8    God:    Makhleb [**....]
Gold:   0          SH:  0    Dex: 10    Spells: 0 memorised, 5 levels left

rFire  + . .     SeeInvis +     D - +14 obsidian axe {chop, +Fly Str+3 SInv Curse} (curse)
rCold  + . .     Clarity  .     y - +5 gold dragon armour
rNeg   . . .     SustAb   .     (no shield)
rPois  +         Gourm    .     (no helmet)
rElec  .         Spirit   .     (no cloak)
rCorr  .         Warding  .     (no gloves)
rMut   .         NoTele   +     (no boots)
MR     .....                    (no amulet)
Stlth  ..........               L - +6 ring of strength
                                K - +6 ring of strength

@: mesmerised, not resistant to hostile enchantments, extremely unstealthy
A: no striking features
a: Minor Destruction, Renounce Religion, Evoke Flight


You were in the Dungeon.
You worshipped Makhleb.
Makhleb was pleased with you.
You were not hungry.

You visited 1 branch

Inventory:

Hand weapons
 B - a +5 executioner's axe
 D - the cursed +14 obsidian axe (weapon) {chop, +Fly Str+3 SInv Curse}
   (You found it in the Dungeon)

   It inflicts extra damage upon your enemies.
   It affects your strength (+3).
   It enhances your eyesight.
   It lets you fly.
   It may recurse itself when equipped.
   It has a curse placed upon it.
 F - the +7 Singing Sword
   (You found it in the Dungeon)
 G - the +0 Sword of Power
   (You found it in the Dungeon)
 H - the +14 plutonium sword {Contam Stlth-}
   (You found it in the Dungeon)

   It causes magical contamination when unequipped.
   It makes you less stealthy.
Missiles
 C - 1000 bolts
Armour
 y - a +5 gold dragon armour (worn)
 E - the +18 shield of the gong {rElec rN+ MR+ EV-5}
   (You found it in the Dungeon)

   It affects your evasion (-5).
   It insulates you from electricity.
   It protects you from negative energy.
   It affects your resistance to hostile enchantments.
Jewellery
 a - a +6 ring of dexterity
 b - a +6 ring of dexterity
 K - a +6 ring of strength (left hand)
 L - a +6 ring of strength (right hand)
Scrolls
 k - 4 scrolls of blinking
 r - 4 scrolls of amnesia
 s - 3 scrolls of recharging
 t - 7 scrolls of fog
 u - a scroll of holy word
 v - 5 scrolls of identify
 w - 5 scrolls of remove curse
 x - 2 scrolls of fear
Potions
 e - 6 potions of might
 f - 10 potions of curing
 g - 9 potions of heal wounds
 h - 6 potions of haste
 i - 7 potions of magic
 j - 3 potions of berserk rage
 l - 2 potions of brilliance
 m - 2 potions of invisibility
 n - 2 potions of restore abilities
 o - 4 potions of resistance
 q - 5 potions of agility
Miscellaneous
 c - a box of beasts
 I - a disc of storms
 M - a lamp of fire
Comestibles
 d - 5 meat rations
 p - 3 royal jellies
 z - 42 fruits
 A - 4 bread rations


   Skills:
 + Level 9.5 Fighting
 * Level 13.0 Axes
 - Level 3.2 Armour
 - Level 3.2 Shields


You had 5 spell levels left.
You didn't know any spells.

Dungeon Overview and Level Annotations

Branches:
Dungeon (1/1)

Altars:
Ashenzari
Cheibriados
Dithmenos
Elyvilon
Fedhas
Gozag
Kikubaaqudgha
Makhleb
Nemelex Xobeh
Okawaru
Qazlal
Ru
Sif Muna
Trog
Vehumet
Xom
Yredelemnul
Zin
The Shining One
Beogh
Jiyva
Lugonu


Message History

Your gold dragon armour prevents you from hitting the merfolk.
The merfolk is moderately wounded.
You slash the merfolk!
The merfolk is almost dead.
Visions of slaying the merfolk flood into your mind.
The merfolk hits you but does no damage.
The merfolk hits you with a trident. The merfolk barely misses you.
The merfolk hits you from afar with a trident!
* * * LOW HITPOINT WARNING * * *
You hit the merfolk.
The merfolk is moderately wounded.
You hit the merfolk.
The merfolk is almost dead.
The merfolk hits you with a trident!
* * * LOW HITPOINT WARNING * * *
The merfolk hits you with a trident!
* * * LOW HITPOINT WARNING * * *
The merfolk hits you but does no damage.
The merfolk hits you from afar with a trident.
You die...

▓▓▓▓▓▓▓▓▓▓▓▓▓▓▓▓▓▓▓
▓.8©8.▓.8©8.▓.8©8.▓
▓.|:[.▓.).3.▓.....▓
▓..}..▓.....▓..4..▓
▓.mm..▓.))..▓.†...▓
▓..mm.▓.....▓.....▓
▓..@..▓.....▓.....▓
▓..(..▓.....▓▓▓▓▓▓▓
▓▓▓▓▓▓▓▓▓▓▓▓▓


You could see 4 merfolk.

Vanquished Creatures
  A phantom (D)
  A scorpion (D)
  2 wights (D)
  A giant mite (D)
5 creatures vanquished.

Vanquished Creatures (others)
  A spatial maelstrom (D)
1 creature vanquished.

Grand Total: 6 creatures vanquished

Notes
Turn   | Place    | Note
--------------------------------------------------------------
     0 | D        | Monkaria, the Hill Orc Fighter, began the quest for the Orb.
     0 | D        | Reached XP level 1. HP: 19/19 MP: 1/1
     0 | D        | Found a viscous altar of Jiyva.
     0 | D        | Found a corrupted altar of Lugonu.
     0 | D        | Found a white marble altar of Elyvilon.
     1 | D        | Found a burning altar of Makhleb.
     1 | D        | Found an iron altar of Okawaru.
     3 | D        | Found a sparkling altar of Nemelex Xobeh.
     3 | D        | Found a basalt altar of Yredelemnul.
     3 | D        | Found a deep blue altar of Sif Muna.
     3 | D        | Found a radiant altar of Vehumet.
     9 | D        | Found a shimmering altar of Xom.
    15 | D        | Banished a spatial maelstrom
    23 | D        | Found a bloodstained altar of Trog.
    39 | D        | Became a worshipper of Makhleb the Destroyer
    72 | D        | Reached skill level 6 in Fighting
    72 | D        | Reached skill level 8 in Axes
    72 | D        | Reached XP level 2. HP: 23/31 MP: 2/2
   152 | D        | Entered arena 1.
   152 | D        | Noticed a scorpion
   155 | D        | Killed a scorpion
   155 | D        | Reached skill level 10 in Axes
   155 | D        | Reached XP level 3. HP: 35/39 MP: 3/3
   155 | D        | Reached XP level 4. HP: 42/47 MP: 4/4
   158 | D        | Acquired Makhleb's first power
   188 | D        | Entered arena 2.
   188 | D        | Noticed a wight
   188 | D        | Noticed a wight
   188 | D        | Noticed a phantom
   191 | D        | Killed a wight
   191 | D        | Reached skill level 11 in Axes
   193 | D        | Killed a phantom
   193 | D        | Reached skill level 12 in Axes
   193 | D        | Reached XP level 5. HP: 53/57 MP: 5/5
   195 | D        | Killed a wight
   195 | D        | Acquired Makhleb's second power
   195 | D        | Reached skill level 13 in Axes
   195 | D        | Reached XP level 6. HP: 59/64 MP: 6/6
   201 | D        | Identified the Papyrus of Dark Ice (You found it in the Dungeon)
   206 | D        | Entered arena 3.
   206 | D        | Noticed a merfolk
   206 | D        | Noticed a merfolk
   206 | D        | Noticed a merfolk
   206 | D        | Noticed a merfolk
   216 | D        | Slain by a merfolk

Action                   |  1- 3 |  4- 6 || total
-------------------------+-------+-------++-------
Melee: Broad axe         |     2 |    12 ||    14
  Use: Potion            |     1 |     1 ||     2
